 Dungeon Crawl Stone Soup version 0.22-a0-542-gce4f928 (webtiles) character file.

1640 kae the Insei (level 8, -7/61 HPs)
             Began as a Demonspawn Transmuter on June 24, 2018.
             Was a Follower of Okawaru.
             Mangled by a two-headed ogre
             ... wielding a +0 giant club
              (31 damage)
             ... on level 8 of the Dungeon.
             The game lasted 00:05:54 (7985 turns).

kae the Insei (Demonspawn Transmuter)               Turns: 7985, Time: 00:05:54

Health: -7/61      AC:  2    Str: 11    XL:     8   Next: 66%
Magic:  15/15      EV: 19    Int: 15    God:    Okawaru [*.....]
Gold:   319        SH:  0    Dex: 20    Spells: 10/16 levels left

rFire    . . .     SeeInvis .     - Unarmed
rCold    . . .     Gourm    .   (shield currently unavailable)
rNeg     . . .     Faith    .   (armour currently unavailable)
rPois    x         Spirit   .   (helmet currently unavailable)
rElec    .         Reflect  .   (cloak currently unavailable)
rCorr    +         Harm     .   (gloves currently unavailable)
MR       .....                  (boots currently unavailable)
Stlth    ++........             (no amulet)
HPRegen  0.20/turn              f - ring of resist corrosion
MPRegen  0.14/turn              (no ring)

@: spider-form, very slightly contaminated
A: tiny, demonic guardian 1, powered by pain 1
a: End Transformation, Heroism, Renounce Religion


You were on level 8 of the Dungeon.
You worshipped Okawaru.
Okawaru was aware of your devotion.
You were hungry.
You were a venomous arachnid creature.
You visited 2 branches of the dungeon, and saw 9 of its levels.

You collected 319 gold pieces.

Inventory:

Hand Weapons
 c - a +1 short sword
Missiles
 a - 90 arrows
Armour
 b - a +0 robe
 h - a +0 cloak (melded)
 n - a +1 leather armour (melded)
Jewellery
 f - a ring of resist corrosion (left front leg)
Wands
 p - a wand of flame (19)
Scrolls
 e - 4 scrolls of remove curse
 i - a scroll of amnesia
 k - 3 scrolls of identify
Potions
 g - a potion of agility
 j - a potion of ambrosia
 l - 4 potions of heal wounds
 o - a potion of magic
 q - a potion of degeneration
 r - 2 potions of curing
 u - 2 potions of brilliance
Comestibles
 d - 14 rations


   Skills:
 + Level 4.8 Fighting
 - Level 1.7 Dodging
 * Level 7.0 Unarmed Combat
 + Level 4.8 Spellcasting
 + Level 4.8 Transmutations


You had 10 spell levels left.
You knew the following spells:

 Your Spells              Type           Power        Failure   Level  Hunger
a - Beastly Appendage     Tmut           ###...       9%          1    None
b - Sticks to Snakes      Tmut           ###.....     12%         2    ##.....
c - Spider Form           Tmut/Pois      ##........   38%         3    ###....

Your spell library contained the following spells:

 Spells                   Type           Power        Failure   Level  Hunger
 Summon Small Mammal      Summ           #...         36%         1    None
 Summon Ice Beast         Ice/Summ       #.......     95%         4    ####...
 Call Imp                 Summ           #.......     47%         2    ##.....
 Blade Hands              Tmut           ###.......   75%         5    ######.
 Ice Form                 Ice/Tmut       ##......     73%         4    ####...
 Call Canine Familiar     Summ           #.......     67%         3    ###....
 Summon Lightning Spire   Summ/Air       #.......     95%         4    ####...
 Summon Guardian Golem    Hex/Summ       #.......     67%         3    ###....


Dungeon Overview and Level Annotations

Branches:
Dungeon (8/15)             Temple (1/1) D:5
   Lair: D:8-11

Altars:
Ashenzari
Cheibriados
Dithmenos
Elyvilon
Fedhas
Gozag
Hepliaklqana
Kikubaaqudgha
Makhleb
Nemelex Xobeh
Okawaru
Qazlal
Ru
Sif Muna
Trog
Uskayaw
Vehumet
Xom
Yredelemnul
Zin
The Shining One


Innate Abilities, Weirdness & Mutations

((You have sharp toenails.))
A weak demonic guardian rushes to your aid.
You sometimes gain a little power by taking damage.
((When seriously injured, your bleeding wounds create armour. (AC +0)))


Message History

Confirm with . or Enter, or press ? or * to list all spells.
You miscast Spider Form.
The air around you crackles with energy!
Casting: Spider Form (safe; 24% risk of failure)
Confirm with . or Enter, or press ? or * to list all spells.
You turn into a venomous arachnid creature.
Your +0 cloak melds into your body.
Your +1 leather armour melds into your body.
You hit the two-headed ogre but do no damage.
The two-headed ogre completely misses you. x2
You hit the two-headed ogre but do no damage.
The two-headed ogre hits you with a giant club!
You focus on the pain.
You feel your power returning.
The two-headed ogre hits you with a giant spiked club!
You focus on the pain.
You feel your power returning.
You hit the two-headed ogre.
The two-headed ogre is poisoned.
The two-headed ogre is lightly wounded.
The two-headed ogre hits you with a giant club!!
Ouch! That really hurt!
You die...

..# #.# #.#
#o# #o.# #.##
#oY# #.. #...
#5# #o.# #s#
#..# #O# #..#
#.#
#..#.###.#
#<.5....(.
#...........#
#######......
###>#


You could see a two-headed ogre, an orc and a friendly white imp.

Vanquished Creatures
  Prince Ribbit (D:7)
  Grinder (D:6)
  A spriggan (D:7)
  An orc warrior (D:6)
  2 ogres (D:4)
  A centaur (D:5)
  Blork the orc (D:5)
  A bullfrog (D:7)
  A crimson imp (D:5)
  A bullfrog zombie (D:6)
  2 orc priests (D:7)
  2 jellies
  2 hounds
  A bullfrog skeleton (D:6)
  3 worker ants
  2 iguanas
  An orc wizard (D:4)
  3 adders
  An ooze (D:1)
  A worm (D:3)
  2 dart slugs (D:1)
  A leopard gecko (D:4)
  9 orcs
  6 giant cockroaches
  7 hobgoblins
  7 jackals (D:2)
  5 bats
  6 frilled lizards
  4 goblins
  7 kobolds
  9 rats
92 creatures vanquished.

Vanquished Creatures (collateral kills)
  An ice beast (D:5)
  A bullfrog (D:3)
  An orc priest (D:6)
  An adder (D:3)
  An orc (D:6)
  A kobold (D:3)
6 creatures vanquished.

Grand Total: 98 creatures vanquished

Notes
Turn   | Place    | Note
-------+----------+-------------------------------------------
     0 | D:1      | kae the Demonspawn Transmuter began the quest for the Orb.
     0 | D:1      | Reached XP level 1. HP: 15/15 MP: 3/3
   305 | D:1      | Gained mutation: You sometimes gain a little power by taking damage. [demonic ancestry]
   305 | D:1      | Reached XP level 2. HP: 5/21 MP: 3/5
   534 | D:1      | Reached skill level 3 in Unarmed Combat
  1487 | D:2      | Reached XP level 3. HP: 4/26 MP: 4/6
  2733 | D:3      | Reached XP level 4. HP: 31/33 MP: 5/7
  2772 | D:3      | Learned a level 2 spell: Sticks to Snakes
  2776 | D:3      | Learned a level 3 spell: Spider Form
  2777 | D:3      | Noticed a bullfrog
  2785 | D:3      | Killed a bullfrog
  3346 | D:3      | Gained mutation: You have sharp toenails. [demonic ancestry]
  3346 | D:3      | Reached XP level 5. HP: 38/38 MP: 9/9
  3386 | D:4      | Noticed an ogre
  3422 | D:4      | Noticed an ogre
  3474 | D:4      | Killed an ogre
  3474 | D:4      | Reached skill level 4 in Unarmed Combat
  3781 | D:4      | Killed an ogre
  3781 | D:4      | Gained mutation: A weak demonic guardian rushes to your aid. [demonic ancestry]
  3781 | D:4      | Reached XP level 6. HP: 33/46 MP: 6/10
  4576 | D:4      | Found a blossoming altar of Fedhas.
  4730 | D:5      | Entered Level 5 of the Dungeon
  4746 | D:5      | Noticed Blork the orc
  4754 | D:5      | Killed Blork the orc
  4754 | D:5      | Reached skill level 5 in Unarmed Combat
  4958 | D:5      | Noticed an ice beast
  4968 | D:5      | Killed an ice beast
  4968 | D:5      | Gained mutation: When seriously injured, your bleeding wounds create armour. (AC +0) [demonic ancestry]
  4968 | D:5      | Reached XP level 7. HP: 52/52 MP: 9/12
  5373 | D:5      | Found a staircase to the Ecumenical Temple.
  5651 | Temple   | Entered the Ecumenical Temple
  5685 | Temple   | Became a worshipper of Warmaster Okawaru
  5873 | D:6      | Found a glowing silver altar of Zin.
  5966 | D:6      | Noticed Grinder
  5988 | D:6      | Paralysed by Grinder for 3 turns
  5992 | D:6      | Killed Grinder
  5992 | D:6      | Reached * piety under Okawaru
  5992 | D:6      | Reached skill level 6 in Unarmed Combat
  5992 | D:6      | Reached XP level 8. HP: 5/60 MP: 8/14
  6622 | D:6      | Found a burning altar of Makhleb.
  6622 | D:6      | Noticed an Executioner
  7062 | D:7      | Noticed Prince Ribbit
  7071 | D:7      | Killed Prince Ribbit
  7586 | D:7      | Found a shadowy altar of Dithmenos.
  7938 | D:8      | Noticed a two-headed ogre
  7949 | D:7      | Reached skill level 7 in Unarmed Combat
  7985 | D:8      | Mangled by a two-headed ogre

Vault maps used:
D:1:      minmay_arrival_plants_in_alcoves, serial_glass, glass_columns_a,
          glass_columns_b, minmay_misc_feat_tiny, st_stairs_7,
          corexii_leaking_fountain, minmay_pentomino_z2
D:4:      first_ration, columned_hall_lemuel, fedhas_altar_fruit_tree
D:5:      minmay_temple_entry_overgrown, uniq_blork_the_orc
D:6:      basic_altar, makhleb_altar_promises_db, uniq_grinder
D:7:      the_bakery, grunt_dithmenos_smoke, uniq_prince_ribbit1
D:8:      lair_entry_dummy, basic_altar, uniq_erica, uniq_psyche
Temple:   nicolae_temple_the_god_donut

Skill      XL: |  1  2  3  4  5  6  7  8 |
---------------+-------------------------+-----
Unarmed Combat | 3 4 5 6 7 |  7.0
Transmutations | 2 3 4 |  4.8
Fighting       | 2 3 4 |  4.8
Spellcasting   | 3 4 |  4.8
Dodging        | |  1.7

Action                   |  1- 3 |  4- 6 |  7- 9 || total
-------------------------+-------+-------+-------++-------
Melee: Unarmed           |    35 |    41 |    96 ||   172
       Headbutt          |     5 |       |       ||     5
       Short sword       |   122 |    75 |    16 ||   213
       Kick              |     4 |     2 |     6 ||    12
       Punch             |     1 |       |       ||     1
 Cast: Beastly Appendage |    18 |       |       ||    18
       Sticks to Snakes  |       |     2 |       ||     2
       Spider Form       |       |    10 |    14 ||    24
Invok: Heroism           |       |       |     2 ||     2
  Use: Scroll            |       |    12 |     2 ||    14
 Stab: Distracted        |     2 |     1 |       ||     3
       Sleeping          |     1 |       |     1 ||     2
  Eat: Chunk             |     6 |     7 |     5 ||    18
       Ration            |       |       |     2 ||     2
Armor: Robe              |    41 |       |       ||    41
       Leather armour    |     4 |    29 |     7 ||    40
       Skin              |       |     3 |     3 ||     6
Dodge: Dodged            |   117 |    81 |    80 ||   278

Table legend:
 A = Spawn XP
 B = Non-spawn XP
 C = Spawn XP percentage of total XP
 D = Spawn monster count
 E = Non-spawn monster count
 F = Spawn count percentage of total count
 G = Total turns spent on level
                    A         B        C        D         E        F      G
               +---------+---------+-------+---------+---------+-------+---------
         Total |       0 |    2344 |   0.0 |       0 |      98 |   0.0 |  7985
               +---------+---------+-------+---------+---------+-------+---------
           D:1 |       0 |      34 |   0.0 |       0 |      17 |   0.0 |  1684
           D:2 |       0 |      34 |   0.0 |       0 |      22 |   0.0 |  1098
           D:3 |       0 |     128 |   0.0 |       0 |      18 |   0.0 |   630
           D:4 |       0 |     403 |   0.0 |       0 |      12 |   0.0 |  1318
           D:5 |       0 |     382 |   0.0 |       0 |       6 |   0.0 |  1030
           D:6 |       0 |     623 |   0.0 |       0 |      11 |   0.0 |  1167
           D:7 |       0 |     740 |   0.0 |       0 |      12 |   0.0 |  1002
               +---------+---------+-------+---------+---------+-------+---------
